 Dungeon Crawl Stone Soup version 0.27-a0-1189-gb8eb6cee8e (webtiles) character file.

Game seed: 6015975590046878990

112 funkygono the Firebug (level 4, -8/24 HPs)
             Began as a Gargoyle Fire Elementalist on May 22, 2021.
             Mangled by Sigmund
             ... wielding a +0 scythe
              (11 damage)
             ... on level 3 of the Dungeon.
             The game lasted 00:04:21 (2600 turns).

funkygono the Firebug (Gargoyle Fire Elementalist)  Turns: 2600, Time: 00:04:22

Health: -8/24      AC:  5    Str: 11    XL:     4   Next: 95%
Magic:  11/17      EV: 12    Int: 23    God:
Gold:   81         SH:  0    Dex: 10    Spells: 0/8 levels left

rFire    . . .     SeeInvis .   k - +0 whip
rCold    . . .     Faith    .   (no shield)
rNeg     + . .     Spirit   .   a - +0 robe
rPois    ∞         Reflect  .   (no helmet)
rElec    +         Harm     .   (no cloak)
rCorr    .         Rampage  .   (no gloves)
Will     .....                  (no boots)
Stlth    ++........             (no amulet)
HPRegen  0.08/turn              f - ring of magical power
MPRegen  0.15/turn              l - +6 ring of intelligence

@: no status effects
A: sickness immunity, AC +3, negative energy resistance 1, electricity
resistance, torment resistance 1, petrification resistance
a: no special abilities


You were on level 3 of the Dungeon.
You visited 1 branch of the dungeon, and saw 3 of its levels.

You collected 81 gold pieces.

Inventory:

Hand Weapons
 k - a +0 whip (weapon)
Missiles
 g - 73 stones
Armour
 a - a +0 robe (worn)
 e - a +0 leather armour
Jewellery
 f - a ring of magical power (left hand)
 l - a +6 ring of intelligence (right hand)
Scrolls
 c - a scroll of amnesia
 d - 2 scrolls of identify
 h - a scroll of fog {unknown}
Potions
 b - 4 potions of curing
 i - a potion of ambrosia
 j - 2 potions of heal wounds {unknown}


   Skills:
 + Level 1.6 Dodging
 - Level 2.1 Stealth
 * Level 2.8 Spellcasting
 * Level 3.1 Conjurations
 * Level 3.9 Fire Magic


You couldn't memorise any spells.
You knew the following spells:

 Your Spells              Type           Power      Damage    Failure   Level
a - Foxfire               Conj/Fire      76%        2x1d7     2%          1
b - Conjure Flame         Conj/Fire      19%        6-21      9%          3
c - Sticky Flame          Conj/Fire      19%        2d4       26%         4

Your spell library contained the following spells:

 Spells                   Type           Power      Damage    Failure   Level
 Inner Flame              Hex/Fire       12%        N/A       16%         3
 Fireball                 Conj/Fire      9%         3d6       58%         5


Dungeon Overview and Level Annotations

Branches:
Dungeon (3/15)

Altars:

Annotations:
D:3 Sigmund


Innate Abilities, Weirdness & Mutations

You are immune to sickness and miasma.
Your stone body is resilient. (AC +3)
You are immune to poison.
You resist negative energy. (rN+)
You are resistant to electric shocks. (rElec)
You are resistant to unholy torment.
You are immune to petrification.


Message History

Sigmund is moderately wounded.
Unknown command.
Casting: Foxfire (safe; 2% risk of failure)
Confirm with . or Enter, or press ? or * to list all spells.
You conjure some foxfire!
Sigmund barely misses you.
Your foxfire dissipates! 2 orcs come into view.
The foxfire hits Sigmund but does no damage.
Sigmund is moderately wounded.
The foxfire hits Sigmund.
Sigmund is heavily wounded.
Sigmund casts a spell at himself.
Sigmund flickers and vanishes!
Deactivating autopickup; reactivate with Ctrl-A.
Something barely misses you.
Casting: Foxfire (safe; 2% risk of failure)
Confirm with . or Enter, or press ? or * to list all spells.
You don't know that spell.
Unknown command.
Something hits you but does no damage. Something hits you.
Casting: Foxfire (safe; 2% risk of failure)
Confirm with . or Enter, or press ? or * to list all spells.
You conjure some foxfire!
Something hits you.
The foxfire hits something. x2; Something hits you.
Casting: Foxfire (safe; 2% risk of failure)
Confirm with . or Enter, or press ? or * to list all spells.
You conjure some foxfire!
Something barely misses you.
The foxfire hits something!
The foxfire hits something.
Something hits you but does no damage.
Casting: Foxfire (safe; 2% risk of failure)
Confirm with . or Enter, or press ? or * to list all spells.
You conjure some foxfire!
A frilled lizard comes into view.
Something hits you!
Ouch! That really hurt!
* * * LOW HITPOINT WARNING * * *
Your foxfire dissipates!
The foxfire hits something.
Something hits you!
You die...

### .. .. . #.
... #.
.....#.########.#
o.........{...l..
o....#.#@#######.
... #.#.# . #.#.#
#.#.# #.#.#####
#.. ..#.....# #.#
#.#####.# #.# #.#
#.# #.#


You could see a frilled lizard.

Vanquished Creatures
  Jessica (D:2)
  2 adders (D:3)
  A dart slug (D:3)
  2 orcs
  5 ball pythons
  4 endoplasms
  3 giant cockroaches
  5 goblins
  7 hobgoblins
  7 jackals
  4 quokkas
  4 bats
  6 frilled lizards
  3 kobolds
  5 rats (D:2)
59 creatures vanquished.

Vanquished Creatures (others)
  186 foxfires
186 creatures vanquished.

Grand Total: 245 creatures vanquished

Notes
Turn   | Place    | Note
-------+----------+-------------------------------------------
     0 | D:1      | funkygono the Gargoyle Fire Elementalist began the quest
                  | for the Orb.
     0 | D:1      | Reached XP level 1. HP: 10/10 MP: 3/3
   230 | D:1      | Reached XP level 2. HP: 15/15 MP: 0/5
   696 | D:1      | Found a faded altar of an unknown god.
   714 | D:1      | Reached XP level 3. HP: 19/19 MP: 6/6
  1279 | D:2      | Learned a level 3 spell: Conjure Flame
  1977 | D:2      | Noticed Jessica
  1982 | D:2      | Killed Jessica
  1983 | D:2      | Reached XP level 4. HP: 24/24 MP: 8/8
  2040 | D:2      | Learned a level 4 spell: Sticky Flame
  2577 | D:3      | Noticed Sigmund
  2600 | D:3      | Mangled by Sigmund

Illustrated notes

Levels and vault maps discovered:
D:1:      dpeg_arrival_shrine, layout_basic, hellmonk_ecumenical_altar_run_dry
D:2:      layout_basic, chequers_hall_statues_wall_a,
          chequers_serial_rivers_micro_c, uniq_jessica
D:3:      layout_loops_ring, gammafunk_ghost_necromancy,
          hangedman_decor_clover_reticule, uniq_robin, uniq_sigmund

Skill      XL: |  1  2  3  4 |
---------------+-------------+-----
Conjurations   | 2 3 |  3.1
Dodging        | |  1.6
Stealth        | |  2.1
Spellcasting   | |  2.8
Fire Magic     | |  3.9

Action                   |  1- 3 |  4- 6 || total
-------------------------+-------+-------++-------
Melee: Unarmed           |    17 |       ||    17
       Club              |     1 |       ||     1
       Whip              |     9 |       ||     9
 Cast: Foxfire           |    83 |    30 ||   113
       Conjure Flame     |       |     2 ||     2
  Use: Scroll            |       |     5 ||     5
 Stab: Sleeping          |     1 |       ||     1
Armor: Robe              |    11 |     2 ||    13
Dodge: Dodged            |    19 |     3 ||    22

Table legend: (Time is in decaauts)
 A = Elapsed time spent in this place.
 B = Non-inter-level travel time spent in this place.
 C = Inter-level travel time spent in this place.
 D = Time resting spent in this place.
 E = Time spent auto-exploring this place.
 F = Levels seen in this place.
 G = Mean time per level.
                   A        B        C        D        E       F      G
               +--------+--------+--------+--------+--------+-----+--------+
         Total |   2599 |   2485 |    114 |     28 |   2085 |   3 |  866.3 |
       Dungeon |   2599 |   2485 |    114 |     28 |   2085 |   3 |  866.3 |
               +--------+--------+--------+--------+--------+-----+--------+

Top non-repeatable levels by time:
     D:1: 1274 daAuts
     D:2: 825 daAuts
     D:3: 500 daAuts
